[Event "Titled Tuesday Blitz November 01 Early 2022"]
[White "Grandelius, Nils"]
[Black "Schekachikhin, Maksim"]
[WhiteFideId "1710400"]
[BlackFideId "24177830"]
[WhiteElo "2617"]
[BlackElo "2272"]
[Result "1-0"]
[Round "01"]
[TimeControl "180+1"]
[Date "2022.11.01"]
[WhiteClock "0:01:23"]
[BlackClock "0:01:58"]

1. Nf3 Nf6 2. g3 b6 3. Bg2 Bb7 4. O-O c5 5. d3 d5 6. e4 dxe4 7. Ng5 h6 8. Nxe4 Nxe4 9. dxe4 Qxd1 10. Rxd1 e6 11. Nc3 Be7 12. Nb5 Na6 13. Bf4 O-O 14. Rd7 Bc6 15. Rxe7 Bxb5 16. e5 Rad8 17. Rxa7 Nb4 18. Rc1 Bc6 19. Bxc6 Nxc6 20. Rb7 Rb8 21. Rxb8 Rxb8 22. Kf1 Kf8 23. h4 Ke7 24. Rd1 Nb4 25. c3 Nxa2 26. Be3 Ra8 27. Ke2 Ra5 28. Rd6 Rb5 29. Rxb6 1-0


[Site "https://www.chess.com"]

[Event "Titled Tuesday Blitz November 01 Early 2022"]
[White "Grover, Sahaj"]
[Black "Muminova, Nafisa"]
[WhiteFideId "5021103"]
[BlackFideId "14201526"]
[WhiteElo "2432"]
[BlackElo "2258"]
[Result "1-0"]
[Round "01"]
[TimeControl "180+1"]
[Date "2022.11.02"]
[WhiteClock "0:00:27"]
[BlackClock "0:00:24"]

1. e4 e6 2. d4 d5 3. Nc3 Nf6 4. e5 Nfd7 5. f4 c5 6. Nf3 Nc6 7. Be3 Qb6 8. Na4 Qa5+ 9. c3 b6 10. Be2 Ba6 11. Bxa6 Qxa6 12. b3 cxd4 13. Nxd4 Nxd4 14. Bxd4 Nc5 15. Nb2 Ne4 16. Qe2 Qxe2+ 17. Kxe2 Rc8 18. c4 Ba3 19. Ke3 Ke7 20. cxd5 exd5 21. Rac1 Kd7 22. f5 Rhe8 23. g4 g6 24. Rhf1 g5 25. h4 gxh4 26. Rxc8 Rxc8 27. Rh1 Rc2 28. Nd3 Re2+ 29. Kxe2 Ng3+ 30. Kf3 Nxh1 31. Nf4 Ng3 32. Nxd5 Bc5 33. Bxc5 bxc5 34. Nf6+ Ke7 35. Nxh7 Nf1 36. Ng5 Nd2+ 37. Kf4 Nb1 38. f6+ Ke8 39. Nf3 h3 40. Kg3 Nc3 41. a4 Na2 42. Kxh3 Nc1 43. Nd2 Nd3 44. Kg3 Nxe5 45. Kf4 Nc6 46. g5 Nd4 47. Ke5 Kd7 48. Kd5 Ne6 49. Ne4 a5 50. Nxc5+ Nxc5 51. Kxc5 Ke6 52. b4 Kf5 53. bxa5 Kxg5 54. a6 Kxf6 55. a7 Kg5 56. a8=Q f5 57. Qf3 f4 58. a5 Kf5 59. a6 Ke5 60. a7 Kf5 61. a8=Q 1-0


[Site "https://www.chess.com"]

[Event "Titled Tuesday Blitz November 01 Early 2022"]
[White "Gubajdullin, Alexei"]
[Black "Shapiro, Daniel"]
[WhiteFideId "4141202"]
[BlackFideId "2001780"]
[WhiteElo "2200"]
[BlackElo "2246"]
[Result "1-0"]
[Round "01"]
[TimeControl "180+1"]
[Date "2022.11.02"]
[WhiteClock "0:00:18"]
[BlackClock "0:00:05"]

1. d4 Nf6 2. Nf3 b6 3. Bf4 Bb7 4. e3 e6 5. h3 d6 6. Be2 Nbd7 7. O-O g6 8. a4 a6 9. a5 b5 10. c4 c6 11. Nbd2 Qe7 12. e4 e5 13. Be3 Bg7 14. Re1 O-O 15. Bf1 Rfe8 16. b3 Rac8 17. d5 Nc5 18. Qb1 Nh5 19. dxc6 Bxc6 20. cxb5 axb5 21. g3 Qe6 22. b4 Na4 23. Ng5 Qd7 24. Qb3 d5 25. exd5 Bxd5 26. Bxb5 Qxb5 27. Qxa4 Qb7 28. Bc5 f5 29. a6 Qa8 30. Ra3 h6 31. Ngf3 e4 32. Nh4 Kh7 33. Nf1 f4 34. Qd7 fxg3 35. fxg3 Rxc5 36. bxc5 1-0


[Site "https://www.chess.com"]

[Event "Titled Tuesday Blitz November 01 Early 2022"]
[White "Gulevich, Artem"]
[Black "Dominguez Perez, Leinier"]
[WhiteFideId "24119580"]
[BlackFideId "3503240"]
[WhiteElo "2218"]
[BlackElo "2647"]
[Result "0-1"]
[Round "01"]
[TimeControl "180+1"]
[Date "2022.11.01"]
[WhiteClock "0:00:01"]
[BlackClock "0:00:41"]

1. Nf3 Nf6 2. b3 c5 3. Bb2 g6 4. e3 Bg7 5. Be2 O-O 6. O-O d5 7. d4 cxd4 8. Nxd4 Nc6 9. Nd2 Nxd4 10. Bxd4 Bf5 11. c4 dxc4 12. Nxc4 Ne4 13. Bxg7 Kxg7 14. Bf3 h5 15. Qc1 b5 16. Rd1 Qc7 17. Qb2+ f6 18. Nd2 Qc3 19. Qxc3 Nxc3 20. Bxa8 Nxd1 21. Rxd1 Rxa8 22. Nf3 Rc8 23. Nd4 Bd7 24. h4 Kf7 25. Kf1 e5 26. Ne2 Ke7 27. Rc1 Rxc1+ 28. Nxc1 b4 29. Ke2 Kd6 30. Kd2 a5 31. Nd3 Bc6 32. f3 e4 33. Ne1 exf3 34. gxf3 g5 35. hxg5 fxg5 36. Ke2 g4 37. fxg4 hxg4 38. Nd3 Be4 39. Nf4 Bb1 40. Kd2 g3 0-1


[Site "https://www.chess.com"]

[Event "Titled Tuesday Blitz November 01 Early 2022"]
[White "Guliev, Logman"]
[Black "Durarbayli, Vasif"]
[WhiteFideId "13400061"]
[BlackFideId "13402935"]
[WhiteElo "2161"]
[BlackElo "2586"]
[Result "0-1"]
[Round "01"]
[TimeControl "180+1"]
[Date "2022.11.02"]
[WhiteClock "0:00:04"]
[BlackClock "0:00:52"]

1. e4 c5 2. Nf3 d6 3. d4 cxd4 4. Nxd4 Nf6 5. Nc3 a6 6. f4 g6 7. Bd3 Bg7 8. Nf3 Nc6 9. O-O O-O 10. Kh1 b5 11. a3 Bb7 12. Qe1 e6 13. f5 Ne5 14. Qh4 exf5 15. Bg5 Nxf3 16. Rxf3 h6 17. Bxh6 Nxe4 18. Qxd8 Raxd8 19. Bxg7 Kxg7 0-1


[Site "https://www.chess.com"]

[Event "Titled Tuesday Blitz November 01 Early 2022"]
[White "Gurevich, Dmitry"]
[Black "Aponte Ramos, Argimiro"]
[WhiteFideId "2000407"]
[BlackFideId "3900568"]
[WhiteElo "2506"]
[BlackElo "2216"]
[Result "1-0"]
[Round "01"]
[TimeControl "180+1"]
[Date "2022.11.02"]
[WhiteClock "0:02:19"]
[BlackClock "0:00:36"]

1. d4 d5 2. c4 c6 3. cxd5 cxd5 4. Bg5 Nc6 5. e3 Nf6 6. Bxf6 gxf6 7. Nc3 e6 8. Nf3 Bd6 9. Be2 a6 10. O-O Bd7 11. Rc1 b5 12. a3 O-O 13. e4 dxe4 14. Nxe4 Bf4 15. Rc2 Qe7 16. g3 Bh6 17. Nc5 Rfc8 18. b4 Qd6 19. Qd3 a5 20. Rb1 axb4 21. axb4 Ne7 22. Ne4 Qb6 23. Nxf6+ 1-0


[Site "https://www.chess.com"]

[Event "Titled Tuesday Blitz November 01 Early 2022"]
[White "Guzman Moneo, Alberto"]
[Black "Cadena M, Gustavo Adolfo"]
[WhiteFideId "2209616"]
[BlackFideId "4404815"]
[WhiteElo "2157"]
[BlackElo "2241"]
[Result "0-1"]
[Round "01"]
[TimeControl "180+1"]
[Date "2022.11.02"]
[WhiteClock "0:00:02"]
[BlackClock "0:00:36"]

1. e4 c5 2. Nc3 Nc6 3. Bb5 Nd4 4. Nf3 Nxb5 5. Nxb5 d6 6. d4 cxd4 7. Qxd4 Bd7 8. c4 Bc6 9. O-O a6 10. Nc3 e6 11. Bg5 f6 12. Be3 Ne7 13. Rad1 Ng6 14. b4 Ne5 15. Nxe5 fxe5 16. Qd3 Be7 17. a4 O-O 18. b5 axb5 19. axb5 Be8 20. Ra1 Rc8 21. Rfc1 Bg6 22. Ra7 Qc7 23. Na4 d5 24. Bb6 Qd7 25. c5 Bxe4 26. Qe2 Bg5 27. c6 Qf7 28. Rxb7 Qxb7 29. Be3 Bxe3 30. Qxe3 Qxb5 31. Qxe4 dxe4 0-1


[Site "https://www.chess.com"]

[Event "Titled Tuesday Blitz November 01 Early 2022"]
[White "Harriott, Tyrell"]
[Black "Nasuta, Grzegorz"]
[WhiteFideId "2086484"]
[BlackFideId "1141686"]
[WhiteElo "2107"]
[BlackElo "2442"]
[Result "0-1"]
[Round "01"]
[TimeControl "180+1"]
[Date "2022.11.02"]
[WhiteClock "0:00:39"]
[BlackClock "0:00:22"]

1. d4 d6 2. e3 g6 3. Bd3 Bg7 4. f4 Nf6 5. Nf3 O-O 6. O-O c5 7. c3 Nc6 8. Bc2 e6 9. Kh1 b6 10. Nbd2 Bb7 11. a3 Rc8 12. Bd3 e5 13. dxe5 dxe5 14. Bc2 Qe7 15. f5 Rcd8 16. Qe1 e4 17. Ng5 Ne5 18. fxg6 hxg6 19. Qh4 Nh5 20. Bd1 Bh6 21. Ngf3 Qxh4 22. Nxh4 Bxe3 23. Bxh5 Bxd2 24. Be2 Bxc1 25. Raxc1 Rd2 26. Bd1 Rxb2 27. Ba4 e3 28. Kg1 e2 29. Rfe1 Nd3 30. Nf3 Nxc1 31. Rxc1 Bxf3 32. gxf3 Rd8 33. Kf2 Rd1 0-1


[Site "https://www.chess.com"]

[Event "Titled Tuesday Blitz November 01 Early 2022"]
[White "Hernandez Jimenez, Alexander Andres"]
[Black "Maatman, Nick"]
[WhiteFideId "3900452"]
[BlackFideId "1040391"]
[WhiteElo "2098"]
[BlackElo "2616"]
[Result "1/2-1/2"]
[Round "01"]
[TimeControl "180+1"]
[Date "2022.11.02"]
[WhiteClock "0:00:06"]
[BlackClock "0:01:31"]

1. e4 e6 2. d4 d5 3. Nc3 Bb4 4. exd5 exd5 5. Bd3 Nf6 6. Ne2 O-O 7. O-O Re8 8. Bg5 c6 9. a3 Be7 10. b4 Nbd7 11. Ng3 Nf8 12. Nf5 Bxf5 13. Bxf5 a5 14. b5 Ng6 15. Qd2 Qd6 16. Rfe1 Bf8 17. a4 Rxe1+ 18. Rxe1 h6 19. Bxg6 fxg6 20. Bf4 Qb4 21. Qd3 Kh7 22. bxc6 bxc6 23. Rb1 Qe7 24. Be5 Ng4 25. f4 Qh4 26. Qg3 Qh5 27. h3 Nxe5 28. fxe5 Bb4 29. Rf1 Kg8 30. e6 Re8 31. Na2 Rxe6 32. Nxb4 axb4 33. Qb8+ Kh7 34. Rf8 Qd1+ 35. Kh2 g5 36. Rh8+ Kg6 37. Qxb4 Qxc2 38. Qf8 Re2 39. Qf3 Rd2 40. Rf8 Rxd4 41. Qf7+ Kh7 42. Qg8+ Kg6 43. Qf7+ Kh7 44. Qg8+ Kg6 45. Qf7+ 1/2-1/2


[Site "https://www.chess.com"]

[Event "Titled Tuesday Blitz November 01 Early 2022"]
[White "Hnydiuk, Aleksander"]
[Black "Shankland, Sam"]
[WhiteFideId "1109057"]
[BlackFideId "2004887"]
[WhiteElo "2374"]
[BlackElo "2612"]
[Result "0-1"]
[Round "01"]
[TimeControl "180+1"]
[Date "2022.11.01"]
[WhiteClock "0:01:23"]
[BlackClock "0:02:06"]

1. e4 c5 2. Nf3 d6 3. d4 cxd4 4. Nxd4 Nf6 5. Nc3 Nc6 6. Bg5 e6 7. Qd2 a6 8. O-O-O Bd7 9. f3 Nxd4 10. Qxd4 Be7 11. Kb1 Qc7 12. Be3 h5 13. Qd2 b5 14. Bd3 b4 15. Ne2 a5 16. g3 a4 17. h3 a3 18. b3 d5 19. g4 dxe4 20. fxe4 Bc6 21. Ng3 Qxg3 22. Bf4 Qf3 0-1


[Site "https://www.chess.com"]

[Event "Titled Tuesday Blitz November 01 Early 2022"]
[White "Hoffmann, Asa"]
[Black "Fernandez De La Vara, Arnaldo"]
[WhiteFideId "2001470"]
[BlackFideId "3518388"]
[WhiteElo "2117"]
[BlackElo "2387"]
[Result "1/2-1/2"]
[Round "01"]
[TimeControl "180+1"]
[Date "2022.11.02"]
[WhiteClock "0:00:41"]
[BlackClock "0:00:07"]

1. d4 c5 2. dxc5 Nf6 3. Nc3 Qa5 4. Be3 Ne4 5. Qd4 Nxc3 6. Qxc3 Qxc3+ 7. bxc3 Na6 8. g3 e6 9. Bg2 Bxc5 10. Bd4 f6 11. Rb1 Rb8 12. e3 b6 13. Ne2 Bb7 14. O-O Ke7 15. Rfd1 Rhc8 16. h4 Rc7 17. Kf1 Rbc8 18. Bxb7 Rxb7 19. Ke1 Rbc7 20. Rb3 Rc6 21. Rdb1 Bd6 22. e4 Nc5 23. Bxc5 Bxc5 24. a4 a5 25. Rb5 Kd8 26. f4 Kc7 27. Kd2 Kb7 28. Rxa5 Bf2 29. Rab5 Ka6 30. R1b3 Rc4 31. R5b4 h5 32. Rxc4 Rxc4 33. Rb4 Rc5 34. Kd3 Ka5 35. Kd2 Ka6 36. Kd3 Ka5 37. Kd2 Rc8 38. Kd3 g5 39. fxg5 fxg5 40. Rb5+ Ka6 41. Rxg5 Rf8 42. Rxh5 Rf3+ 43. Kc4 Re3 44. Nd4 Rxe4 45. Rg5 e5 46. Kd3 Re3+ 47. Kc4 exd4 48. cxd4 Rxg3 49. Rxg3 Bxg3 50. h5 Ka5 51. h6 Bh4 52. h7 Bf6 53. Kb3 d5 54. c3 Bh8 55. Ka3 b5 56. axb5 Kxb5 57. Kb3 Bg7 58. Kb2 Kc4 59. Kc2 Bh8 60. Kd2 Bg7 61. Kc2 Bf6 62. Kd2 Kb3 63. Kd3 Bg7 64. Kd2 Bf6 65. Kd3 Bh8 66. Kd2 Kc4 67. Kc2 Bf6 68. Kd2 Bg5+ 69. Kc2 Bf6 1/2-1/2


[Site "https://www.chess.com"]

[Event "Titled Tuesday Blitz November 01 Early 2022"]
[White "Horcajuelo Rocamora, Martin"]
[Black "Sargsyan, Anna M."]
[WhiteFideId "24573027"]
[BlackFideId "13308130"]
[WhiteElo "2094"]
[BlackElo "2284"]
[Result "0-1"]
[Round "01"]
[TimeControl "180+1"]
[Date "2022.11.02"]
[WhiteClock "0:01:45"]
[BlackClock "0:01:55"]

1. e4 c6 2. d4 d5 3. exd5 cxd5 4. Bd3 Nc6 5. c3 Nf6 6. h3 g6 7. Nf3 Bg7 8. O-O O-O 9. Bf4 Bf5 10. Na3 Bxd3 11. Qxd3 Ne4 12. Bh2 Rc8 13. Rfd1 Qb6 14. b4 Nxb4 15. cxb4 Rc3 16. Qe2 Rxa3 17. Rac1 Nc3 18. Qe3 Qxb4 19. Rd3 Rc8 20. Be5 Ne2+ 21. Qxe2 Rxc1+ 22. Kh2 Rxd3 23. Qxd3 Qb1 24. Qa3 Bxe5+ 25. dxe5 Rh1+ 26. Kg3 Qe4 27. Qxe7 Qf5 28. Qd8+ Kg7 29. Qxd5 g5 30. Qd4 Qf4+ 31. Qxf4 gxf4+ 32. Kxf4 Ra1 33. Nd4 Rxa2 34. Nf5+ Kf8 35. Kf3 a5 36. g4 a4 37. Ke3 a3 38. Nd4 Rb2 0-1


[Site "https://www.chess.com"]

[Event "Titled Tuesday Blitz November 01 Early 2022"]
[White "Horobetz, Graham"]
[Black "Rosh Jain"]
[WhiteFideId "2047322"]
[BlackFideId "25789465"]
[WhiteElo "2576"]
[BlackElo "2233"]
[Result "1-0"]
[Round "01"]
[TimeControl "180+1"]
[Date "2022.11.02"]
[WhiteClock "0:00:06"]
[BlackClock "0:00:01"]

1. e4 c5 2. Nf3 d6 3. d4 cxd4 4. Nxd4 Nf6 5. Nc3 a6 6. Be2 e5 7. Nb3 Be7 8. O-O O-O 9. Kh1 Be6 10. f4 Nc6 11. f5 Bxb3 12. axb3 d5 13. exd5 Nb4 14. Bf3 Rc8 15. Bg5 h6 16. Bxf6 Bxf6 17. Ra4 Qb6 18. Ne4 Nxc2 19. d6 Ne3 20. Nxf6+ gxf6 21. Qd2 Rc2 22. Qd3 Rd8 23. d7 Rxb2 24. Re1 Rxb3 25. Qe4 Rxd7 26. h3 Rd4 27. Rxd4 Qxd4 28. Rc1 Qxe4 29. Bxe4 Rb4 30. Bd3 Nd5 31. Rc8+ Kg7 32. Kh2 Nf4 33. Bc2 Rd4 34. Rc7 Rd2 35. Bb3 Rxg2+ 36. Kh1 Rg3 37. Rxf7+ Kh8 38. Rf8+ Kh7 39. Rf7+ Rg7 40. Rxf6 e4 41. Rf8 Rg3 42. f6 Rxb3 43. f7 Ng6 44. Rb8 Kg7 45. h4 Kxf7 46. Rc8 Ne7 47. Rc7 Ke6 48. Rc1 Nd5 49. Rb1 Rxb1+ 50. Kg2 Nf4+ 51. Kg3 1-0


[Site "https://www.chess.com"]

[Event "Titled Tuesday Blitz November 01 Early 2022"]
[White "Ibadov, Dashgyn"]
[Black "Gorodetzky, David"]
[WhiteFideId "24107514"]
[BlackFideId "2813416"]
[WhiteElo "2208"]
[BlackElo "2487"]
[Result "0-1"]
[Round "01"]
[TimeControl "180+1"]
[Date "2022.11.02"]
[WhiteClock "0:00:01"]
[BlackClock "0:00:03"]

1. d4 e6 2. c4 Nf6 3. Nc3 Bb4 4. Qc2 O-O 5. Nf3 c5 6. e3 cxd4 7. exd4 b5 8. cxb5 Bb7 9. Bd3 a6 10. bxa6 Nxa6 11. O-O Bxf3 12. gxf3 h6 13. Kh1 Rc8 14. Rg1 Bxc3 15. Bxh6 Nh5 16. bxc3 Nb4 17. Qd2 Nxd3 18. Qxd3 Qf6 19. Bd2 d5 20. Rg5 g6 21. Rag1 Ng7 22. h4 Nf5 23. h5 Kg7 24. Bf4 Kh7 25. Be5 Qe7 26. hxg6+ fxg6 27. f4 Rg8 28. Qh3+ Nh6 29. R1g2 Qf8 30. Rh2 Ra8 31. Rg4 g5 32. Rxg5 Rxa2 33. Rxg8 Ra1+ 34. Kg2 Qxg8+ 35. Kf3 Qg6 36. Qh5 Qe4+ 37. Kg3 Rg1+ 38. Kh3 Qg6 39. Qxg6+ Kxg6 40. Rg2+ Rxg2 41. Kxg2 Kf5 42. Kf3 Nf7 43. Bc7 Nh8 44. Ke3 Ng6 45. Kd3 Ne7 46. c4 dxc4+ 47. Kxc4 Nd5 48. Be5 Ne7 49. Kc5 Nd5 50. Kd6 Nc3 51. Ke7 Ne4 52. Kd7 Nc3 53. Kc6 Ke4 0-1


[Site "https://www.chess.com"]

[Event "Titled Tuesday Blitz November 01 Early 2022"]
[White "Ibarra Jerez, Jose Carlos"]
[Black "Shaik Sumer Arsh"]
[WhiteFideId "2226332"]
[BlackFideId "45020000"]
[WhiteElo "2627"]
[BlackElo "2190"]
[Result "1-0"]
[Round "01"]
[TimeControl "180+1"]
[Date "2022.11.01"]
[WhiteClock "0:00:03"]
[BlackClock "0:00:02"]

1. e4 e5 2. Nf3 Nc6 3. d4 exd4 4. Nxd4 Nf6 5. Nxc6 bxc6 6. e5 Qe7 7. Qe2 Nd5 8. Nd2 g6 9. c4 Ba6 10. Nf3 Bg7 11. Bg5 Qb4+ 12. Qd2 Qxd2+ 13. Bxd2 Nb6 14. b3 O-O 15. O-O-O d5 16. exd6 cxd6 17. Bb4 c5 18. Ba5 Rfd8 19. Bd3 Bb7 20. Rhe1 d5 21. Re7 dxc4 22. bxc4 Bh6+ 23. Bd2 Bxf3 24. gxf3 Rxd3 25. Bxh6 Rxd1+ 26. Kxd1 Nxc4 27. Rc7 Nd6 28. Rxc5 Nf5 29. Bd2 Rd8 30. Ra5 Nd4 31. Kc1 Nxf3 32. Be3 Ne1 33. Rxa7 Nd3+ 34. Kc2 Nb4+ 35. Kb3 Nd5 36. Bh6 Rc8 37. a4 Rc3+ 38. Kb2 Rc8 39. a5 Nb4 40. a6 Nc6 41. Rb7 Ra8 42. Rb6 Na7 43. Kb3 Nc8 44. Rc6 Ne7 45. Rc7 Nf5 46. a7 Nxh6 47. Rb7 Kg7 48. Kb4 Nf5 49. Kc5 Rc8+ 50. Kb6 Nd6 51. Rb8 Nc4+ 52. Kb7 Nd6+ 53. Ka6 Rc6+ 54. Ka5 Rc5+ 55. Kb4 Rc4+ 56. Kb3 1-0


[Site "https://www.chess.com"]

[Event "Titled Tuesday Blitz November 01 Early 2022"]
[White "Ilkhomi, Jaloliddin"]
[Black "Nakamura, Hikaru"]
[WhiteFideId "14700948"]
[BlackFideId "2016192"]
[WhiteElo "2045"]
[BlackElo "2909"]
[Result "0-1"]
[Round "01"]
[TimeControl "180+1"]
[Date "2022.11.01"]
[WhiteClock "0:01:17"]
[BlackClock "0:01:03"]

1. d4 g6 2. Nf3 Bg7 3. Bg5 d6 4. e3 c5 5. c3 Qb6 6. Qb3 Nc6 7. Nbd2 Be6 8. Bc4 Bxc4 9. Nxc4 Qa6 10. O-O h6 11. Bh4 Nf6 12. a4 O-O 13. Rfd1 b6 14. Qb5 Qc8 15. a5 a6 16. Qb3 Nxa5 17. Nxa5 bxa5 18. Rxa5 cxd4 19. exd4 Rb8 20. Qa3 Rb6 21. Nd2 g5 22. Bg3 Qc6 23. Re1 Rfb8 24. Rb1 Nd5 25. Qa2 e6 26. h4 gxh4 27. Bxh4 Nf4 28. Bg3 Qxg2# 0-1


[Site "https://www.chess.com"]

[Event "Titled Tuesday Blitz November 01 Early 2022"]
[White "Ismayil, Malak"]
[Black "Vachylia, Andrii"]
[WhiteFideId "13412604"]
[BlackFideId "14137224"]
[WhiteElo "1879"]
[BlackElo "2318"]
[Result "0-1"]
[Round "01"]
[TimeControl "180+1"]
[Date "2022.11.02"]
[WhiteClock "0:00:07"]
[BlackClock "0:00:56"]

1. e4 c5 2. Nf3 d6 3. d4 cxd4 4. Nxd4 Nf6 5. Nc3 a6 6. Bc4 Nbd7 7. O-O b5 8. Bd5 Nxd5 9. Nxd5 Bb7 10. Re1 e6 11. Nc3 Be7 12. a3 O-O 13. h3 Rc8 14. Be3 Ne5 15. Qe2 Nc4 16. Bc1 Bf6 17. Rd1 Qb6 18. Nb3 Rfd8 19. Rd3 Rc7 20. Nd2 Ne5 21. Rg3 Bh4 22. Re3 Bg5 23. Rg3 Bh4 24. Re3 Rdc8 25. Nf3 Bf6 26. Nxe5 Bxe5 27. Bd2 a5 28. Qxb5 Qxb5 29. Nxb5 Rxc2 30. Bc3 Ba6 31. Bxe5 dxe5 32. Nc3 Rxb2 33. Rd1 h6 34. Na4 Rbc2 35. Rd7 Bb5 36. Nb6 Bxd7 37. Nxd7 R8c3 0-1


[Site "https://www.chess.com"]

[Event "Titled Tuesday Blitz November 01 Early 2022"]
[White "Itkis, Boris"]
[Black "Gabdrakhmanov, Azat"]
[WhiteFideId "1209167"]
[BlackFideId "34189197"]
[WhiteElo "2232"]
[BlackElo "2233"]
[Result "0-1"]
[Round "01"]
[TimeControl "180+1"]
[Date "2022.11.02"]
[WhiteClock "0:00:10"]
[BlackClock "0:00:20"]

1. c4 Nf6 2. Nf3 g6 3. b4 Bg7 4. Bb2 O-O 5. g3 d6 6. Bg2 e5 7. d3 Nc6 8. b5 Ne7 9. O-O Bd7 10. Nc3 Nf5 11. a4 Re8 12. Nd2 Qc8 13. a5 a6 14. Nb3 c6 15. Na4 Qc7 16. Nb6 Rad8 17. Rc1 Be6 18. Ba3 h5 19. Qc2 h4 20. Rfd1 cxb5 21. Qa2 Bh6 22. Nd2 bxc4 23. Nbxc4 Qb8 24. e3 d5 25. Nb6 Nxe3 26. fxe3 Bxe3+ 27. Kh1 Ng4 28. Nf1 Nf2+ 29. Kg1 Nxd1+ 30. Nxe3 Nxe3 31. Bb2 Nxg2 32. Kxg2 h3+ 33. Kg1 d4 34. Qa1 e4 35. Bxd4 Kh7 36. Bf6 exd3 37. Bxd8 Qxd8 38. Rf1 d2 0-1


[Site "https://www.chess.com"]

[Event "Titled Tuesday Blitz November 01 Early 2022"]
[White "Ivic, Velimir"]
[Black "Aydin, Gulenay"]
[WhiteFideId "950122"]
[BlackFideId "34557431"]
[WhiteElo "2625"]
[BlackElo "2009"]
[Result "1/2-1/2"]
[Round "01"]
[TimeControl "180+1"]
[Date "2022.11.02"]
[WhiteClock "0:00:03"]
[BlackClock "0:00:05"]

1. e4 c5 2. Nf3 d6 3. c3 Nf6 4. Be2 g6 5. O-O Nc6 6. d4 cxd4 7. cxd4 Bg7 8. d5 Ne5 9. Nxe5 dxe5 10. Nc3 O-O 11. Be3 Ne8 12. Qb3 Nd6 13. Rac1 Bd7 14. f3 h5 15. Qb4 Kh7 16. a4 b6 17. Nb5 Nxb5 18. Bxb5 Rc8 19. Bxd7 Qxd7 20. Qb5 Qd6 21. Rc6 Rxc6 22. dxc6 Rc8 23. Rc1 Bh6 24. Bxh6 Kxh6 25. b4 Qd4+ 26. Kf1 Qe3 27. Qc4 Rd8 28. Re1 Qf4 29. c7 Rc8 30. h3 Qd2 31. Rc1 f6 32. b5 Qd6 33. Ke2 h4 34. Rc3 Qd7 35. Rc2 Qd6 36. Kf1 Kg7 37. Kg1 Qd1+ 38. Kh2 Qd6 39. Qc3 g5 40. Rc1 Qd7 41. Qc2 Qd6 42. g3 hxg3+ 43. Kxg3 Qd4 44. Qc6 Qd2 45. Rc2 Qf4+ 46. Kg2 Qe3 47. Qe6 Qd3 48. Qxe7+ Kg6 49. Rc6 Qd2+ 50. Kg3 Qf4+ 51. Kf2 Qd2+ 52. Kg1 Qe1+ 53. Kh2 Qd2+ 54. Kg1 Qe1+ 55. Kg2 Qd2+ 56. Kg1 1/2-1/2


[Site "https://www.chess.com"]

[Event "Titled Tuesday Blitz November 01 Early 2022"]
[White "Izuzquiza Gonzalez, Javier"]
[Black "Mladenovic, Stefan"]
[WhiteFideId "3101029"]
[BlackFideId "942227"]
[WhiteElo "2034"]
[BlackElo "2337"]
[Result "1/2-1/2"]
[Round "01"]
[TimeControl "180+1"]
[Date "2022.11.02"]
[WhiteClock "0:00:11"]
[BlackClock "0:00:04"]

1. d4 Nf6 2. c4 e6 3. Nf3 b6 4. g3 Ba6 5. Qc2 Bb4+ 6. Bd2 Be7 7. Bg2 d5 8. b3 c6 9. O-O O-O 10. Bf4 Nbd7 11. Nbd2 Rc8 12. Rfd1 c5 13. dxc5 Nxc5 14. Rac1 Nce4 15. Nxe4 Nxe4 16. Ne5 Ba3 17. Bxe4 Bxc1 18. Qxc1 Qe7 19. Bg2 f6 20. Nf3 e5 21. Be3 dxc4 22. bxc4 Bxc4 23. Qb2 Be6 24. Nd2 Rc7 25. Ne4 Rfc8 26. a4 Rc2 27. Qb5 h6 28. h4 R8c7 29. a5 Bc4 30. Qa4 Bxe2 31. axb6 axb6 32. Rb1 b5 33. Qa8+ Qf8 34. Qd5+ Kh8 35. Nd6 Rd7 36. Qe4 Ra2 37. Nxb5 Bd3 38. Qc6 Rd8 39. Re1 Rc2 40. Qf3 Bxb5 41. Qf5 Bd3 42. Qh5 Rcc8 43. Qg4 Bh7 44. h5 f5 45. Qh4 e4 46. Bf4 Bg8 47. Be5 Be6 48. Qf4 Kh7 49. Kh1 Qf7 50. Kh2 Qxh5+ 51. Kg1 Qg4 52. Qe3 Rd3 53. Qa7 Rcd8 54. Bh3 Qg6 55. Bf1 Rd1 56. Rxd1 Rxd1 57. Kg2 Qg4 58. Be2 Qg6 59. Bxd1 Bd5 60. Qe3 f4 61. Bxf4 h5 62. Be5 h4 63. Bd4 h3+ 64. Kh2 Be6 65. Be2 Bf5 66. Bf1 Qe6 67. Qf4 g6 68. Be3 Kg8 69. Qg5 Qb3 70. Qh4 Qd1 71. Bxh3 Qf3 72. Bxf5 gxf5 73. Qg5+ Kf7 74. Qf4 Qh5+ 75. Kg2 Ke6 76. Qh4 Qf3+ 77. Kh2 Kd5 78. Qh6 Kc4 79. Qf4 Qh5+ 80. Qh4 Qf3 81. Qf6 Kd3 82. Qd4+ Ke2 83. Qd2+ Kf1 84. Qc1+ Ke2 85. Qc2+ Kf1 86. Qc1+ Ke2 87. Qg1 Qh5+ 88. Kg2 Qf3+ 89. Kh2 Qh5+ 90. Kg2 Qf3+ 91. Kh2 1/2-1/2


[Site "https://www.chess.com"]

[Event "Titled Tuesday Blitz November 01 Early 2022"]
[White "Jaracz, Pawel"]
[Black "Kazancev, Valerij M"]
[WhiteFideId "1102222"]
[BlackFideId "4179609"]
[WhiteElo "2459"]
[BlackElo "2379"]
[Result "1-0"]
[Round "01"]
[TimeControl "180+1"]
[Date "2022.11.02"]
[WhiteClock "0:01:40"]
[BlackClock "0:01:23"]

1. d4 Nf6 2. c4 e6 3. g3 d5 4. Bg2 Nbd7 5. Nf3 dxc4 6. O-O c6 7. a4 a5 8. Nc3 Bb4 9. Qc2 Ra6 10. Nd2 Bxc3 11. bxc3 b5 12. Ba3 Nd5 13. e4 N5b6 14. axb5 cxb5 15. Rab1 Qg5 16. f4 Qh5 17. Bf3 Qh6 18. Rxb5 1-0


[Site "https://www.chess.com"]

[Event "Titled Tuesday Blitz November 01 Early 2022"]
[White "Jarmula, Lukasz"]
[Black "Biastoch, Bennet"]
[WhiteFideId "1160664"]
[BlackFideId "12939889"]
[WhiteElo "2357"]
[BlackElo "2221"]
[Result "1/2-1/2"]
[Round "01"]
[TimeControl "180+1"]
[Date "2022.11.02"]
[WhiteClock "0:01:49"]
[BlackClock "0:01:33"]

1. e4 c5 2. Nf3 d6 3. Bb5+ Bd7 4. Bxd7+ Qxd7 5. c4 Nc6 6. Nc3 g6 7. d4 cxd4 8. Nxd4 Bg7 9. Be3 Nf6 10. f3 O-O 11. O-O Rfc8 12. b3 Nxd4 13. Bxd4 Qe6 14. Nd5 Nxd5 15. exd5 Qf5 16. Re1 Rc7 17. Re3 h5 18. Qd2 a6 19. Bxg7 Kxg7 20. Rae1 Qf6 21. a4 b5 22. axb5 axb5 23. cxb5 Rb8 24. Qe2 Rc5 25. Rxe7 Rbxb5 26. Re8 Rxd5 27. Qc4 Rbc5 28. Qa6 Re5 29. R8xe5 Rxe5 30. Rd1 Re3 31. Qb6 Qc3 32. Qd4+ Qxd4 33. Rxd4 Rxb3 34. Rxd6 Rb7 1/2-1/2


[Site "https://www.chess.com"]

[Event "Titled Tuesday Blitz November 01 Early 2022"]
[White "Jaskolka, Tomasz"]
[Black "Rakhmanov, Aleksandr"]
[WhiteFideId "1170791"]
[BlackFideId "4173708"]
[WhiteElo "2126"]
[BlackElo "2530"]
[Result "0-1"]
[Round "01"]
[TimeControl "180+1"]
[Date "2022.11.02"]
[WhiteClock "0:00:07"]
[BlackClock "0:00:11"]

1. e4 c5 2. Nf3 Nf6 3. e5 Nd5 4. Nc3 Nxc3 5. dxc3 Nc6 6. Bd3 e6 7. Qe2 h6 8. Bf4 Qc7 9. O-O-O a6 10. h4 b5 11. g4 c4 12. Be4 Bb7 13. Nd4 Ne7 14. Qf3 Rb8 15. Rhe1 Bxe4 16. Qxe4 Qb7 17. a3 Qxe4 18. Rxe4 Nd5 19. Bg3 Bc5 20. f4 h5 21. g5 g6 22. Bf2 Rc8 23. Bg1 O-O 24. Ne2 Be7 25. Ng3 a5 26. Re2 b4 27. axb4 axb4 28. cxb4 c3 29. f5 Bxb4 30. fxg6 Ra8 31. Kb1 Rfb8 32. gxf7+ Kxf7 33. b3 Ra5 34. Rxd5 exd5 35. Rf2+ Kg8 36. Nxh5 Rba8 37. Nf6+ Kh8 38. Nxd5 Ra1# 0-1


[Site "https://www.chess.com"]